 Dungeon Crawl Stone Soup version 0.17-a0-2027-gcac42c4 (webtiles) character file.

130359 Goblin1989 the Black Belt (level 17, 0/88 HPs)
             Began as a Vine Stalker Monk on Oct 10, 2015.
             Was the Champion of Dithmenos.
             Slain by a wolf spider (2 damage)
             ... on level 1 of the Spider Nest on Oct 11, 2015.
             The game lasted 03:14:29 (33144 turns).

Goblin1989 the Black Belt (Vine Stalker Monk)      Turns: 33144, Time: 03:14:45

Health: 0/88       AC: 11    Str: 13    XL:     17   Next: 7%
Magic:  0/27       EV: 13    Int: 18    God:    Dithmenos [******]
Gold:   1041       SH:  0    Dex: 35    Spells: 8 memorised, 2 levels left

rFire  + + +     SeeInvis .       - Unarmed
rCold  + + +     Clarity  .     n - +3 leather armour of Pysatwok {MR+ Dex+5 Stlth+}
rNeg   + . .     SustAt   .     (no shield)
rPois  +         Gourm    .     R - -2 hat of the Alchemist {rElec rPois rF+ rC+ rN+ MR+ rMut rCorr}
rElec  +         Spirit   +     B - +2 cloak {MR+}
rCorr  +         Warding  .     b - +0 pair of gloves of the Wilderness {rC+ Int+5 Dex+2}
rMut   +         Stasis   .     T - +0 pair of boots
MR     +++++                    Y - amulet "Oxooqi" {Faith rElec Dex+5 Stlth-}
Stlth  ++++++++..               p - +5 ring of dexterity
                                r - ring of Jumuhuump {rPois rF++ Str-2 Slay+3 Stlth-}

@: held, wreathed by umbra, almost entirely resistant to hostile enchantments,
extraordinarily stealthy
A: fangs 3, rugged brown scales 1, cold resistance 1, frail 1, regeneration 3,
weak 1, magic shield, antimagic bite, no device heal 3, rot immunity
a: Shadow Step, Shadow Form, Renounce Religion


You were on level 1 of the Spider Nest.
You worshipped Dithmenos.
Dithmenos was exalted by your worship.
You were not hungry.

You visited 6 branches of the dungeon, and saw 32 of its levels.
You also visited: Labyrinth and Sewer.

You collected 2692 gold pieces.
You spent 1651 gold pieces at shops.

Inventory:

Missiles
 k - 535 arrows (quivered)
Armour
 b - the +0 pair of gloves of the Wilderness (worn) {rC+ Int+5 Dex+2}
   (You bought it in a shop on level 4 of the Orcish Mines)

   It affects your intelligence (+5).
   It affects your dexterity (+2).
   It protects you from cold.
 n - the +3 leather armour of Pysatwok (worn) {MR+ Dex+5 Stlth+}
   (You bought it in a shop on level 4 of the Orcish Mines)

   It affects your dexterity (+5).
   It affects your resistance to hostile enchantments.
   It makes you more stealthy.
 B - a +2 cloak of magic resistance (worn)
 R - the -2 hat of the Alchemist (worn) {rElec rPois rF+ rC+ rN+ MR+ rMut rCorr}
   (You found it in a labyrinth)

   It protects you from fire.
   It protects you from cold.
   It insulates you from electricity.
   It protects you from poison.
   It protects you from negative energy.
   It affects your resistance to hostile enchantments.
   It protects you from acid and corrosion.
   It protects you from mutation.
 T - a +0 pair of boots (worn)
Magical Staves
 S - an uncursed staff of energy
Jewellery
 a - an uncursed ring of wizardry
 j - an uncursed ring of see invisible
 p - a +5 ring of dexterity (right hand)
 r - the ring of Jumuhuump (left hand) {rPois rF++ Str-2 Slay+3 Stlth-}
   (You found it in a labyrinth)

   [ring of loudness]

   It affects your strength (-2).
   It affects your accuracy and damage with ranged weapons and melee attacks
   (+3).
   It greatly protects you from fire.
   It protects you from poison.
   It makes you less stealthy.
 s - an uncursed ring of protection from magic
 K - an uncursed ring of positive energy
 Y - the amulet "Oxooqi" (around neck) {Faith rElec Dex+5 Stlth-}
   (You found it on level 10 of the Dungeon)

   [amulet of faith]

   It allows you to gain divine favour quickly.
   It affects your dexterity (+5).
   It insulates you from electricity.
   It makes you less stealthy.
Wands
 l - a wand of lightning (2)
 u - a wand of draining (8)
 y - a wand of draining (1)
 z - a wand of cold (8)
 G - a wand of cold (6)
 J - a wand of invisibility (4)
 O - a wand of invisibility (5)
Scrolls
 c - 13 scrolls of remove curse
 e - 4 scrolls of blinking
 h - a scroll of summoning
 o - 6 scrolls of fog
 v - 14 scrolls of teleportation
 x - 3 scrolls of fear
 E - 2 scrolls of silence
 W - 5 scrolls of magic mapping
Potions
 d - 2 potions of brilliance
 g - 8 potions of curing
 m - 6 potions of flight
 q - a potion of resistance
 t - 2 potions of magic
 w - 6 potions of might
 H - 2 potions of haste
 M - 6 potions of agility
 Q - a potion of cancellation
Comestibles
 f - 10 meat rations


   Skills:
 + Level 13.4 Fighting
 - Level 6.3 Armour
 - Level 10.0 Dodging
 - Level 10.1 Stealth
 + Level 15.9 Unarmed Combat
 - Level 6.1 Spellcasting
 - Level 2.1 Hexes
 - Level 1.5 Translocations
 - Level 10.0 Transmutations
 * Level 8.6 Earth Magic
 - Level 2.0 Invocations


You had 2 spell levels left.
You knew the following spells:

 Your Spells              Type           Power        Failure   Level  Hunger
a - Beastly Appendage     Trmt           #####.       1%          1    None
b - Sticks to Snakes      Trmt           #####.....   1%          2    None
c - Blade Hands           Trmt           #####.....   8%          5    #####..
d - Apportation           Tloc           ##........   10%         1    None
e - Tukima's Dance        Hex            ##......     21%         3    ##.....
f - Invisibility          Hex            ##......     100%        6    #######
g - Stoneskin             Trmt/Erth      #####...     1%          2    None
h - Statue Form           Trmt/Erth      #####....    58%         6    #######


Dungeon Overview and Level Annotations

Branches:
Dungeon (15/15)            Temple (1/1) D:4            Lair (8/8) D:10
  Swamp (3/4) Lair:5       Spider (1/4) Lair:5        Slime (0/6) Lair:6
    Orc (4/4) D:9             Elf (0/3) Orc:3        Vaults (0/5) D:13
 Depths (0/5) D:15

Altars:
Ashenzari
Cheibriados
Dithmenos
Elyvilon
Fedhas
Gozag
Kikubaaqudgha
Makhleb
Nemelex Xobeh
Okawaru
Qazlal
Ru
Sif Muna
Trog
Vehumet
Xom
Yredelemnul
Zin
The Shining One
Beogh

Shops:
D:13 *   D:14 ?   Orc:2 [   Orc:4 :*[(

Annotations:
D:8 Ijustatesigmund's ghost, novice OpTm
Lair:4 exclusion: downstairs


Innate Abilities, Weirdness & Mutations

You have razor-sharp teeth.
You regenerate.
When hurt, damage is shared between your health and your magic reserves.
Your bite disrupts and absorbs the magic of your enemies.
Potions and wands cannot restore your health.
You are immune to rotting.
You are partially covered in rugged brown scales (AC +1, +3% HP).
Your flesh is cold resistant.
You are frail (-10% HP).
You are weak. (Str -2)


Message History

* * * LOW HITPOINT WARNING * * *
You are more poisoned.
The wolf spider poisons you!
You struggle to detach yourself from the web.
You feel sick. The jumping spider pounces on you.
* * * LOW HITPOINT WARNING * * *
The jumping spider misses you.
The wolf spider hits you but does no damage.
The wolf spider bites you!
* * * LOW HITPOINT WARNING * * *
The jumping spider pounces on you.
The jumping spider bites you but does no damage.
Drink which item? (? for menu, Esc to quit)
You feel better. The wolf spider closely misses you. The wolf spider bites you.
* * * LOW HITPOINT WARNING * * *
The jumping spider misses you. The jumping spider barely misses you.
The wolf spider hits you.
* * * LOW HITPOINT WARNING * * *
The wolf spider bites you.
You die...

#.....#.# ...# .#
#†..#...##
...#..#..#....#
#.[.##....##
....#....#.....
..#..##§#^#...#
.#..##.§§###### ###
##.....#s§§...##..#
.##..#^#.#@#.##.^..#
#..#.##..#s#...#..#
.#.....#..#§§.#[..####
.. #..#..#.....#.#...#
#. #...#.#.##.#....#..
#. .#.....#.#..###
#.###.#.#.#...#.
#.§#...#....#..#
#.§##..#......


You could see a wolf spider and a jumping spider.

Vanquished Creatures
  A thorn hunter (Swamp:3)
  Frances (Swamp:2)
  An emperor scorpion (D:15)
  An orc warlord (Orc:4)
  A minotaur (Lab)
  3 vault guards (D:13)
  Josephine (Lair:8)
  11 hydras
  3 ghost crabs (Swamp:3)
  Erica (Orc:1)
  2 centaur warriors
  15 death yaks
  9 alligators
  A tengu warrior (D:15)
  4 orc high priests (Orc:4)
  Nergalle (Orc:3)
  3 unseen horrors
  4 skeletal warriors (D:15)
  A swamp dragon (Swamp:2)
  5 hill giants
  8 orc knights
  A wolf spider zombie (D:14)
  2 manticores
  3 wolf spiders (Spider:1)
  6 orc sorcerers
  6 elephants
  A moth of wrath (Spider:1)
  A griffon (D:14)
  7 ugly things
  4 black mambas
  A cyclops (D:9)
  The ghost of Noname the Zephyrmancer, a novice TeAE of Vehumet (Sewer)
  9 gargoyles
  A torpor snail (Lair:8)
  24 spiny frogs
  A yaktaur (D:15)
  A kobold demonologist (D:15)
  4 fire drakes
  11 komodo dragons
  13 trolls
  5 giant leeches
  3 spriggan druids (Lair:7)
  13 blink frogs
  2 polar bears (Lair:7)
  3 two-headed ogres
  5 slime creatures
  A hornet zombie (D:15)
  3 bog bodies
  A shadow (Swamp:3)
  A tarantella (Spider:1)
  A redback (Spider:1)
  14 spriggans
  A basilisk (Lair:8)
  6 wraiths
  4 trapdoor spiders (Lair:5)
  A hog (shapeshifter) (D:15)
  39 yaks
  A basilisk (shapeshifter) (D:15)
  2 deep elf magi (D:13)
  A deep elf fighter (D:13)
  15 vampire mosquitoes
  9 hippogriffs
  2 hungry ghosts (D:11)
  2 wargs
  14 swamp worms
  A mottled dragon (D:15)
  4 insubstantial wisps (Swamp:1)
  18 porcupines
  6 ice beasts
  19 water moccasins
  6 wasps
  4 swamp drakes
  2 black bears
  6 ogres
  39 orc warriors
  2 sky beasts
  6 centaurs
  A phantom (D:8)
  20 crocodiles
  3 wyvern zombies
  44 giant frogs
  A brain worm (D:12)
  9 scorpions
  A gnoll sergeant (D:6)
  2 wyvern skeletons
  9 wights
  10 electric eels
  6 centaur zombies
  4 lava snakes (Lab)
  10 crimson imps
  29 orc priests
  A giant frog zombie (D:8)
  Crazy Yiuf (D:3)
  8 iguanas
  A giant frog skeleton (D:9)
  6 hounds
  7 jellies
  4 centaur skeletons
  Natasha (thrice) (D:2)
  49 orc wizards
  A hell rat (Lair:7)
  14 worker ants
  24 sheep
  A worker ant zombie (D:10)
  63 river rats
  8 gnolls (D:6)
  13 adders
  A shadow imp (D:14)
  2 oozes
  2 adder skeletons
  An adder zombie (D:7)
  2 worms
  11 giant geckos
  186 orcs
  18 ball pythons
  4 bats
  6 giant cockroaches
  10 goblins
  13 hobgoblins
  12 jackals
  9 kobolds
  2 quokkas
  A giant gecko zombie (D:9)
  7 giant newts
  2 quokka skeletons
  30 rats
  A briar patch (Swamp:3)
  12 plants (Lair:2)
1121 creatures vanquished.

Vanquished Creatures (collateral kills)
  A hydra (Lair:1)
  An orc priest (Orc:4)
  An orc wizard (Orc:4)
  8 orcs (Orc:4)
11 creatures vanquished.

Vanquished Creatures (others)
  2 orcs
  A briar patch (Swamp:3)
  23 fungi
  11 plants
37 creatures vanquished.

Grand Total: 1169 creatures vanquished

Notes
Turn   | Place    | Note
--------------------------------------------------------------
     0 | D:1      | Goblin1989 the Vine Stalker Monk began the quest for the Orb.
     0 | D:1      | Reached XP level 1. HP: 11/11 MP: 2/2
    65 | D:1      | Reached XP level 2. HP: 13/16 MP: 1/3
   524 | D:1      | Reached XP level 3. HP: 19/19 MP: 4/4
   657 | D:2      | Found a glowing silver altar of Zin.
   657 | D:2      | Found a shimmering altar of Xom.
   657 | D:2      | Noticed an angel
   834 | D:2      | Noticed Natasha
   847 | D:2      | Killed Natasha
   847 | D:2      | Reached skill level 5 in Unarmed Combat
   847 | D:2      | Reached XP level 4. HP: 4/23 MP: 5/5
   901 | D:2      | Noticed Natasha
   906 | D:2      | Killed Natasha
  1027 | D:2      | Noticed Natasha
  1040 | D:2      | Killed Natasha
  1277 | D:2      | Found a deep blue altar of Sif Muna.
  1519 | D:3      | Reached XP level 5. HP: 15/27 MP: 6/6
  1590 | D:3      | Found a radiant altar of Vehumet.
  1682 | D:3      | Found a sparkling altar of Nemelex Xobeh.
  1682 | D:3      | Found a bloodstained altar of Trog.
  1682 | D:3      | Found a glowing golden altar of the Shining One.
  2103 | D:4      | Reached skill level 6 in Unarmed Combat
  2193 | D:4      | Gained mutation: You heal very quickly. [Vine Stalker growth]
  2193 | D:4      | Reached XP level 6. HP: 32/32 MP: 5/7
  2207 | D:4      | Learned a level 1 spell: Beastly Appendage
  2210 | D:4      | Learned a level 2 spell: Sticks to Snakes
  2212 | D:4      | Got a spiked leather armour
  2223 | D:4      | Identified the +2 leather armour of Xutagriu {rPois rC+ Dex+4} (You found it on level 4 of the Dungeon)
  2278 | D:4      | Found a staircase to the Ecumenical Temple.
  2286 | Temple   | Entered the Ecumenical Temple
  2387 | Temple   | Became a worshipper of Dithmenos the Shadowed
  2387 | Temple   | Acquired Dithmenos's first power
  2518 | D:4      | Reached skill level 5 in Stealth
  2958 | D:4      | Noticed a centaur
  2969 | D:4      | Killed a centaur
  2969 | D:4      | Reached skill level 7 in Unarmed Combat
  2969 | D:4      | Reached XP level 7. HP: 16/35 MP: 8/8
  3108 | D:5      | Entered Level 5 of the Dungeon
  3413 | D:5      | Found a glowing drain.
  3417 | Sewer    | Entered a sewer
  3420 | Sewer    | Noticed Noname's ghost (novice TeAE)
  3426 | Sewer    | Gained mutation: You are frail (-10% HP). [potion of mutation]
  3426 | Sewer    | Gained mutation: You are weak. (Str -2) [potion of mutation]
  3426 | Sewer    | Gained mutation: You are partially covered in rugged brown scales (AC +1, +3% HP). [potion of mutation]
  3442 | Sewer    | Killed Noname's ghost
  3442 | Sewer    | Reached skill level 8 in Unarmed Combat
  3538 | Sewer    | Gained mutation: You have razor-sharp teeth. [Vine Stalker growth]
  3538 | Sewer    | Reached XP level 8. HP: 36/36 MP: 9/9
  3577 | Sewer    | Acquired Dithmenos's second power
  3921 | D:5      | Found a shimmering altar of Xom.
  3959 | D:5      | Reached skill level 9 in Unarmed Combat
  4747 | D:3      | Noticed Crazy Yiuf
  4751 | D:3      | Killed Crazy Yiuf
  5162 | D:6      | Found a sparkling altar of Nemelex Xobeh.
  5375 | D:7      | Reached XP level 9. HP: 39/41 MP: 10/10
  5695 | D:7      | Reached skill level 10 in Unarmed Combat
  6230 | D:7      | Reached skill level 5 in Fighting
  6355 | D:7      | Acquired Dithmenos's third power
  6387 | D:8      | Noticed Ijustatesigmund's ghost (novice OpTm)
  6558 | D:8      | Learned a level 5 spell: Blade Hands
  6960 | D:6      | Reached XP level 10. HP: 49/49 MP: 11/11
  7325 | D:8      | Found an ancient bone altar of Kikubaaqudgha.
  7436 | D:8      | Reached skill level 10 in Stealth
  7885 | D:10     | Entered Level 10 of the Dungeon
  8139 | D:10     | Reached skill level 11 in Unarmed Combat
  8217 | D:10     | Acquired Dithmenos's fourth power
  8421 | D:10     | Found a staircase to the Lair.
  8593 | D:10     | Got a smoking zirconium amulet
  8894 | D:9      | Reached skill level 1 in Armour
  9046 | D:9      | Reached XP level 11. HP: 55/55 MP: 12/12
  9358 | D:10     | Gained mutation: You regenerate. [Vine Stalker growth]
  9358 | D:10     | Reached XP level 12. HP: 56/60 MP: 11/13
  9434 | Lair:1   | Entered Level 1 of the Lair of Beasts
  9454 | Lair:1   | Identified the amulet "Oxooqi" {Faith rElec Dex+5 Stlth-} (You found it on level 10 of the Dungeon)
 11083 | Lair:1   | Noticed a six-headed hydra
 11097 | Lair:1   | Killed a nine-headed hydra
 11698 | Lair:2   | Reached skill level 10 in Fighting
 11700 | Lair:2   | Reached skill level 12 in Unarmed Combat
 13086 | Lair:3   | Reached XP level 13. HP: 55/66 MP: 12/14
 13493 | Lair:3   | Reached skill level 10 in Transmutations
 13603 | Lair:3   | Reached skill level 5 in Armour
 14029 | Lair:4   | Reached skill level 1 in Spellcasting
 14826 | Lair:5   | Found a staircase to the Swamp.
 15079 | Lair:5   | Found a hole to the Spider Nest.
 15787 | D:9      | Found a staircase to the Orcish Mines.
 15877 | Orc:1    | Entered Level 1 of the Orcish Mines
 15910 | Orc:2    | Found a roughly hewn altar of Beogh.
 15926 | Orc:2    | Reached skill level 13 in Unarmed Combat
 16374 | Orc:1    | Noticed Erica
 16393 | Orc:1    | Killed Erica
 16689 | Orc:3    | Found a staircase to the Elven Halls.
 16700 | Orc:3    | Noticed Nergalle
 16714 | Orc:3    | Killed Nergalle
 17026 | Orc:2    | Found Fischix's Antique Armour Boutique.
 17078 | Orc:2    | Bought a warped scale mail for 261 gold pieces
 17088 | Orc:2    | Identified the cursed +1 scale mail of Amiuvaax {+Inv rN+ Int-3} (You bought it in a shop on level 2 of the Orcish Mines)
 17162 | Orc:4    | Entered Level 4 of the Orcish Mines
 17609 | Orc:3    | Reached skill level 5 in Dodging
 18280 | Lair:6   | Found a staircase to the Slime Pits.
 18504 | Lair:6   | Learned a level 1 spell: Apportation
 18508 | Lair:6   | Learned a level 3 spell: Tukima's Dance
 18515 | Lair:6   | Learned a level 6 spell: Invisibility
 19188 | Lair:7   | Reached XP level 14. HP: 69/71 MP: 19/19
 19720 | Lair:7   | Reached skill level 1 in Translocations
 19829 | Lair:7   | Reached skill level 1 in Hexes
 20315 | Lair:8   | Entered Level 8 of the Lair of Beasts
 20863 | Lair:8   | Noticed Josephine
 20928 | Lair:8   | Killed Josephine
 20932 | Lair:8   | Reached skill level 14 in Unarmed Combat
 21511 | Lair:8   | Reached XP level 15. HP: 75/77 MP: 18/20
 21900 | Lair:8   | Gained mutation: Your flesh is cold resistant. [potion of beneficial mutation]
 22237 | Lair:5   | Got a shadowed robe
 22248 | Lair:5   | Identified the +1 robe of the World {+Fly rPois Int+7} (You found it on level 5 of the Lair of Beasts)
 22830 | Orc:4    | Noticed an orc warlord
 23047 | Orc:4    | Killed an orc warlord
 23431 | Orc:4    | Reached skill level 10 in Dodging
 23731 | Orc:4    | Found Obaoster's General Store.
 23732 | Orc:4    | Found Jaliguez's Book Boutique.
 23733 | Orc:4    | Found Osemn's Antique Armour Boutique.
 23733 | Orc:4    | Found Jakkorgho's Antique Weapon Shop.
 23737 | Orc:4    | Bought a pair of crude gloves for 275 gold pieces
 23737 | Orc:4    | Bought a warped leather armour for 203 gold pieces
 23747 | Orc:4    | Identified the cursed +0 pair of gloves of the Wilderness {rC+ Int+5 Dex+2} (You bought it in a shop on level 4 of the Orcish Mines)
 23757 | Orc:4    | Identified the +3 leather armour of Pysatwok {MR+ Dex+5 Stlth+} (You bought it in a shop on level 4 of the Orcish Mines)
 23768 | Orc:4    | Bought a book of Transfigurations for 770 gold pieces
 23771 | Orc:4    | Learned a level 2 spell: Stoneskin
 24166 | Swamp:1  | Entered Level 1 of the Swamp
 24228 | Lair:5   | Reached skill level 1 in Invocations
 25114 | Swamp:2  | Reached skill level 5 in Spellcasting
 25221 | Swamp:2  | Noticed Frances
 25235 | Swamp:2  | Killed Frances
 25286 | Swamp:2  | Reached skill level 15 in Unarmed Combat
 25798 | Swamp:3  | Learned a level 6 spell: Statue Form
 25859 | Swamp:3  | Reached skill level 1 in Earth Magic
 25875 | Swamp:3  | Reached XP level 16. HP: 58/83 MP: 26/26
 25941 | Swamp:3  | Noticed a thorn hunter
 25952 | Swamp:3  | Killed a thorn hunter
 26298 | Swamp:3  | Identified a scroll of acquirement
 26302 | Swamp:3  | Got a sparkling steel amulet
 27704 | D:12     | Found a radiant altar of Vehumet.
 27756 | D:12     | Found a labyrinth entrance.
 27773 | Lab      | Entered a labyrinth
 28211 | Lab      | Got a fine graven amulet
 28211 | Lab      | Got a heavily runed wooden ring
 28229 | D:12     | Identified a +4 rod of the swarm (9/9) (You found it in a labyrinth)
 28310 | D:12     | Reached skill level 5 in Earth Magic
 28313 | D:12     | Identified the ring of Jumuhuump {rPois rF++ Str-2 Slay+3 Stlth-} (You found it in a labyrinth)
 28384 | D:12     | Found a stormy altar of Qazlal.
 30041 | D:13     | Found a gate to the Vaults.
 30412 | D:13     | Found a glowing silver altar of Zin.
 30412 | D:13     | Found Ihuir's Hallowed Reliquary.
 30419 | D:13     | Bought a scroll of holy word for 112 gold pieces
 31052 | D:14     | Found Herriotz's Magic Scroll Shop.
 31074 | D:14     | Bought a scroll of identify for 30 gold pieces
 31102 | D:14     | Found a white marble altar of Elyvilon.
 31485 | D:15     | Entered Level 15 of the Dungeon
 31993 | D:15     | Found a staircase to the Depths.
 32346 | D:15     | Reached XP level 17. HP: 82/88 MP: 27/27
 32850 | Lair:1   | Identified the amulet "Dyzxuc" {Stasis MR+ Int+9 Dex-3} (You found it in a labyrinth)
 32851 | Lair:1   | Identified the amulet of Siru {Regen+ Str+2} (You acquired it on level 3 of the Swamp)
 32982 | Spider:1 | Entered Level 1 of the Spider Nest
 33144 | Spider:1 | HP: 4/88 [wolf spider (3)]
 33144 | Spider:1 | Slain by a wolf spider

Vault maps used:
D:1:      scummos_arrival_simple_fountains, grunt_decor_fettered,
          hangedman_abyss_or_decor_stabs, st_stairs_13
D:2:      grunt_temple_overflow_order_and_chaos_1, minmay_misc_feat_five,
          lemuel_blue_sif_altar, uniq_natasha
D:3:      gammafunk_temple_overflow_forgotten, overflow_temple_1_default,
          first_bread, uniq_crazy_yiuf_cottage
D:4:      minmay_temple_entry_mist
D:5:      lemuel_upstairs_altar, gup_sewer_entry_bowl, xom_teletrap_fun
D:6:      hangedman_decor_lopped, nemelex_xobeh_ov_fountains_minmay
D:7:      minmay_holes, the_bakery
D:8:      kiku_gazebo_pond_becter, hangedman_minor_gate_pass
D:9:      erik_orc_2
D:10:     erik_lair_dragon
D:11:     nicolae_lava_and_water
D:12:     lab_entry_generic, basic_altar, grunt_qazlal_clouds
D:13:     grunt_vaults_entry_fortified, nicolae_good_shop
D:14:     serial_shops, shop, elyvilon_altar_1
D:15:     hangedman_depths_entry_try_elsewhere_first, minmay_misc_feat_hallway
Temple:   circular_temple_12
Lair:1:   disabler_island
Lair:2:   wad_woods_structure_01, infiniplex_staircase_pool_2
Lair:3:   serial_bayou_shore_b
Lair:5:   swamp_mist, spider_nest_entry_webs, serial_bayou_lagoon_a
Lair:6:   dpeg_slime_entry_corner, infiniplex_staircase_pool
Lair:7:   forest_paths
Lair:8:   minmay_lair_end_frog_pond, uniq_josephine
Swamp:1:  nicolae_swamp_dense_foliage
Swamp:2:  nicolae_swamp_rocky_clearing, uniq_frances
Swamp:3:  evilmike_swamp_ruin_house_4, water_boxes_lemuel
Spider:1: nicolae_spider_hall_of_the_moth_king, uniq_nikola, uniq_roxanne
Orc:1:    uniq_erica
Orc:2:    basic_altar, serial_shops, shop
Orc:3:    nicolae_orc_pool_cavern, uniq_nergalle, uniq_erolcha
Orc:4:    st_orc_congregation
Lab:      labyrinth_lava_lair, nicolae_lab_quarters, nicolae_lab_stuck,
          labyrinth_skeletal_remains, labyrinth_glass_1, nicolae_lab_garden,
          lab_statue
Sewer:    sewer_minmay_w

Action                   |  1- 3 |  4- 6 |  7- 9 | 10-12 | 13-15 | 16-18 || total
-------------------------+-------+-------+-------+-------+-------+-------++-------
Melee: Unarmed           |    77 |   175 |   398 |   657 |  1378 |   531 ||  3216
 Fire: Blowgun           |       |       |     8 |       |       |       ||     8
 Cast: Beastly Appendage |       |       |     1 |       |       |       ||     1
       Sticks to Snakes  |       |       |       |     4 |    30 |     6 ||    40
       Blade Hands       |       |       |       |     1 |    43 |     8 ||    52
       Apportation       |       |       |       |       |     2 |     1 ||     3
       Tukima's Dance    |       |       |       |       |     1 |       ||     1
       Stoneskin         |       |       |       |       |       |     2 ||     2
Invok: Shadow Step       |       |       |     1 |       |       |       ||     1
Evoke: Wand              |       |       |     2 |       |     4 |       ||     6
       Rod               |       |       |       |       |       |     1 ||     1
  Use: Potion            |       |     1 |     2 |     4 |     5 |     2 ||    14
       Scroll            |       |       |     9 |     9 |    16 |    10 ||    44
 Stab: Sleeping          |     4 |    12 |    29 |    34 |    74 |    50 ||   203
       Distracted        |       |       |     3 |     6 |    13 |     8 ||    30
       Invisible         |       |       |       |       |    21 |       ||    21
  Eat: Chunk             |     4 |    18 |    12 |    12 |    44 |    13 ||   103
       Fruit             |       |       |       |     2 |     5 |     1 ||     8
       Pizza             |       |       |       |       |     2 |       ||     2
       Beef jerky        |       |       |       |       |     1 |     1 ||     2
       Meat ration       |       |       |       |       |     1 |       ||     1
       Royal jelly       |       |       |       |       |     1 |       ||     1
       Bread ration      |       |       |       |       |       |     3 ||     3
